 Dungeon Crawl Stone Soup version 0.29.0-4-gdea44cf6ec (webtiles) character file.

Game seed: 1857942683550492230

6944 qw the Grappler (level 10, -7/96 HPs)
             Began as a Troll Cinder Acolyte on Sept 1, 2022.
             Was a Believer of Ignis.
             Mangled by a two-headed ogre
             ... wielding a +0 giant club
              (20 damage)
             ... on level 10 of the Dungeon.
             The game lasted 00:04:10 (8764 turns).

qw the Grappler (Troll Cinder Acolyte)              Turns: 8764, Time: 00:04:10

Health: -7/96      AC: 15    Str: 28    XL:     10   Next: 80%
Magic:  10/10      EV: 12    Int: 10    God:    Ignis [**....]
Gold:   447        SH:  8    Dex:  7    Spells: 11/11 levels left

rFire   + . .      SeeInvis .     - Unarmed
rCold   . . .      Faith    .   s - +0 kite shield
rNeg    . . .      Spirit   .   r - +1 steam dragon scales
rPois   .          Reflect  .   (helmet restricted)
rElec   .          Harm     .   (no cloak)
rCorr   .          Rampage  .   (gloves unavailable)
Will    .....                   (boots unavailable)
Stlth   +.........              n - amulet of regeneration
HPRegen 1.86/turn               e - +4 ring of evasion
MPRegen 0.12/turn               c - ring of Qumecrit {Wiz Dex+2}

@: fiery-armoured
A: large, unfitting armour, claws 3, regeneration 1, shaggy fur 1, tough skin 1
a: Renounce Religion, Fiery Armour, Foxfire Swarm, Rising Flame


You were on level 10 of the Dungeon.
You worshipped Ignis.
Ignis was pleased with you.
You visited 1 branch of the dungeon, and saw 10 of its levels.
You also visited: Ossuary.

You collected 545 gold pieces.
You spent 98 gold pieces at shops.


Innate Abilities, Weirdness & Mutations

You are too large for most types of armour.
You have claws for hands.
Your natural rate of healing is unusually fast.
You are covered in fur. (AC +1)
You have tough skin. (AC +1)


   Skills:
 - Level 5.0 Fighting
 - Level 5.2 Throwing
 - Level 1.3 Dodging
 + Level 6.2 Shields
 - Level 13.0 Unarmed Combat
 - Level 1.0 Spellcasting
 - Level 2.1 Fire Magic


You had 11 spell levels left.
You didn't know any spells.
Your spell library contained the following spells:

 Spells                   Type           Power      Damage    Failure   Level
 Scorch                   Fire           8%         2d5       17%         2

Inventory:

Missiles
 o - a boomerang (quivered)
Armour
 r - +1 steam dragon scales (worn)
 s - a +0 kite shield (worn)
Jewellery
 c - the ring of Qumecrit (right claw) {Wiz Dex+2}
   (You acquired it in an ossuary)

   [ring of wizardry]

   It improves your spell success rate.
   Dex:       It affects your dexterity (+2).
 e - a +4 ring of evasion (left claw)
 h - the ring of Zeepeise {Fly rElec Str+5 Dex-5}
   (You acquired it in an ossuary)

   [ring of flight]

   Str:       It affects your strength (+5).
   Dex:       It affects your dexterity (-5).
   rElec:     It insulates you from electricity.
   Fly:       It grants you flight.
 n - an amulet of regeneration (around neck)
Scrolls
 b - 3 scrolls of enchant weapon
 g - 5 scrolls of identify
 j - a scroll of teleportation
Potions
 d - 5 potions of curing
 f - 5 potions of mutation
 i - 4 potions of haste
 k - 3 potions of might
 l - a potion of cancellation

Dungeon Overview and Level Annotations

Branches:
Dungeon (10/15)            Temple (0/1) D:7         Ossuary (visited)
   Lair: D:8-11         Orc: D:9-12

Altars:
Gozag
Hepliaklqana
Makhleb

Shops:
D:2 ?

Annotations:
D:8 2 transporters
D:10 Lodul, Sonja


Message History

Your surroundings suddenly seem different.
A queen bee comes into view.
Found a robe, a hand axe and an iron wand.
The queen bee buzzes angrily.
Throw: boomerang
Press: ? - help, Q - select action Shift-Dir - straight line, f - queen bee You throw a boomerang.
The boomerang hits the queen bee!
The queen bee is moderately wounded.
Throw: boomerang
Press: ? - help, Q - select action Shift-Dir - straight line, f/p - queen bee You throw a boomerang.
The boomerang hits the queen bee.
The queen bee is moderately wounded.
A centaur simulacrum comes into view.
8758 ||| Stepping ~*~*~tactically~*~*~ (stealth).
You mangle the queen bee!!
The queen bee is severely wounded.
The queen bee stings you!
You are poisoned.
The queen bee poisons you!
8761 ||| READING 2 scrolls of teleportation.
As you read the scroll of teleportation, it crumbles to dust.
You feel strangely unstable.
You feel very sick. The queen bee closely misses you.
You closely miss the queen bee.
The queen bee is severely wounded.
You feel sick. The queen bee stings you!
You are lethally poisoned!
The queen bee poisons you!
You mangle the queen bee!!
You kill the queen bee!
You feel very sick.
Your Shields skill increases to level 6!
8764 ||| DRINKING 6 potions of curing.
You feel better.
8764 ||| (to cure poison)
Your surroundings suddenly seem different.
Found a wooden wand.
The ogre shouts! x2; The two-headed ogre shouts in stereo!
The two-headed ogre hits you with a +0 giant club!!
You die...

############
####...?..O...##
#.......O.O....#.##
#.........).#.......#
##..#......##.......#
#...###.OO..#O......#
## #...
#..@O##W......# .# ...
#....WK........... .
......................
................#.. #
. ................##$
#....
...............##
..... /.............#
..... ..............#
.....


You could see a two-headed ogre, a wraith, Sonja (reflecting) and 5 ogres.

Vanquished Creatures
  Josephine (D:10)
  Pikel (D:5)
  A queen bee (shapeshifter) (D:10)
  A shadow (D:9)
  3 wraiths (D:10)
  A steam dragon (D:8)
  Edmund (D:5)
  Menkaure (D:4)
  2 acid dragons (D:9)
  3 ice beasts
  2 orc warriors
  2 sky beasts
  2 black bears (D:7)
  An ogre (D:10)
  3 centaurs
  A lemure (D:5)
  2 phantoms
  2 kobold brigands
  6 bullfrogs
  2 gnoll sergeants
  2 scorpions
  20 wights
  3 killer bees (D:8)
  A centaur zombie (Ossuary)
  3 jellies
  5 orc priests
  2 gnoll boudas
  Jessica (D:3)
  3 human zombies
  3 iguanas
  10 orc wizards
  4 mummies (Ossuary)
  19 gnolls
  6 adders
  A white imp (D:6)
  2 worms
  3 dart slugs
  23 orcs
  5 ball pythons
  2 endoplasms (D:4)
  A giant cockroach (D:4)
  A gnoll zombie (Ossuary)
  6 goblins
  7 hobgoblins
  3 jackals (D:1)
  20 kobolds
  3 quokkas
  2 bats
  A frilled lizard (D:3)
  A hobgoblin zombie (Ossuary)
  3 orc zombies (Ossuary)
  5 rats
209 creatures vanquished.

Vanquished Creatures (others)
  4 plants (D:5)
4 creatures vanquished.

Grand Total: 213 creatures vanquished

Notes
Turn   | Place    | Note
-------+----------+-------------------------------------------
     0 | D:1      | qw the Troll Cinder Acolyte began the quest for the Orb.
     0 | D:1      | Reached XP level 1. HP: 22/22 MP: 1/1
     0 | D:1      | 0 ||| qw: Version: 0.1-a-97-g2dd2ca4
     0 | D:1      | 0 ||| qw: Game counter: 4869
     0 | D:1      | 0 ||| qw: Always use a shield: true
     0 | D:1      | 0 ||| qw: God list: Okawaru
     0 | D:1      | 0 ||| qw: Allow faded altars: false
     0 | D:1      | 0 ||| qw: Do Orc after D:15 true
     0 | D:1      | 0 ||| qw: Do second Lair branch before Depths: true
     0 | D:1      | 0 ||| qw: Lair rune preference: random
     0 | D:1      | 0 ||| qw: Plans: Normal
     0 | D:1      | 0 ||| PLANNING D:1-11
   205 | D:1      | 205 ||| Stepping ~*~*~tactically~*~*~ (outnumbered).
   207 | D:1      | Reached XP level 2. HP: 29/29 MP: 2/2
   234 | D:1      | Found a faded altar of an unknown god.
   238 | D:1      | 238 ||| Stepping ~*~*~tactically~*~*~ (stealth).
   257 | D:1      | 257 ||| Stepping ~*~*~tactically~*~*~ (stealth).
   275 | D:1      | Reached skill level 4 in Unarmed Combat
   690 | D:1      | 690 ||| UPGRADING to +4 ring of evasion.
   691 | D:1      | 691 ||| READING scroll labelled KOEXZA BIMNUWO.
   692 | D:1      | 692 ||| DRINKING 2 fuming silvery potions.
   693 | D:1      | 693 ||| DROPPING potion of invisibility.
   739 | D:2      | 739 ||| Stepping ~*~*~tactically~*~*~ (stealth).
   753 | D:2      | Reached XP level 3. HP: 36/36 MP: 3/3
   863 | D:2      | 863 ||| Stepping ~*~*~tactically~*~*~ (outnumbered).
  1088 | D:2      | Found Jemezir's Magic Scroll Shoppe.
  1097 | D:2      | 1097 ||| SHOPLISTING scroll of enchant armour (105 gold,
                  | have 98).
  1097 | D:2      | 1097 ||| SHOPLISTING scroll of enchant weapon (105 gold,
                  | have 98).
  1097 | D:2      | 1097 ||| BUYING scroll of identify (28 gold).
  1097 | D:2      | Bought a scroll of identify for 28 gold pieces
  1097 | D:2      | 1097 ||| BUYING scroll of identify (28 gold).
  1097 | D:2      | Bought a scroll of identify for 28 gold pieces
  1097 | D:2      | 1097 ||| BUYING scroll of teleportation (42 gold).
  1097 | D:2      | Bought a scroll of teleportation for 42 gold pieces
  1097 | D:2      | 1097 ||| SHOPLISTING scroll of teleportation (42 gold, have
                  | 0).
  1144 | D:2      | 1144 ||| FLEEEEING.
  1591 | D:2      | 1591 ||| READING scroll labelled UWNAHE BIPO.
  1592 | D:2      | 1592 ||| READING scroll labelled TYSTUGG YPOP.
  1593 | D:2      | 1593 ||| DRINKING 2 fizzy black potions.
  1624 | D:2      | 1624 ||| READING 4 scrolls of identify.
  1624 | D:2      | 1624 ||| IDENTIFYING murky golden potion
  1625 | D:2      | 1625 ||| READING 3 scrolls of identify.
  1625 | D:2      | 1625 ||| IDENTIFYING yellow potion
  1626 | D:2      | 1626 ||| READING 2 scrolls of identify.
  1626 | D:2      | 1626 ||| IDENTIFYING fizzy cyan potion
  1627 | D:2      | 1627 ||| DROPPING potion of degeneration.
  1628 | D:2      | 1628 ||| DROPPING potion of lignification.
  1945 | D:3      | Noticed Jessica
  1951 | D:3      | Killed Jessica
  1952 | D:3      | Reached skill level 1 in Throwing
  1952 | D:3      | Reached XP level 4. HP: 44/44 MP: 4/4
  2083 | D:3      | 2083 ||| INVOKING Fiery Armour.
  2084 | D:3      | 2084 ||| Stepping ~*~*~tactically~*~*~ (outnumbered).
  2085 | D:3      | 2085 ||| Stepping ~*~*~tactically~*~*~ (hiding).
  2089 | D:3      | 2089 ||| Stepping ~*~*~tactically~*~*~ (outnumbered).
  2091 | D:3      | 2091 ||| Stepping ~*~*~tactically~*~*~ (outnumbered).
  2098 | D:3      | Reached skill level 5 in Unarmed Combat
  2183 | D:3      | Reached XP level 5. HP: 48/50 MP: 5/5
  2315 | D:3      | 2315 ||| DRINKING 2 gluggy clear potions.
  2316 | D:3      | 2316 ||| READING 2 scrolls of identify.
  2316 | D:3      | 2316 ||| IDENTIFYING smoky amethyst potion
  2317 | D:3      | 2317 ||| DROPPING potion of ambrosia.
  2334 | D:4      | 2334 ||| Stepping ~*~*~tactically~*~*~ (stealth).
  2376 | D:4      | 2376 ||| Stepping ~*~*~tactically~*~*~ (stealth).
  2392 | D:4      | Reached skill level 6 in Unarmed Combat
  2466 | D:4      | 2466 ||| Stepping ~*~*~tactically~*~*~ (hiding).
  2468 | D:4      | 2468 ||| INVOKING Fiery Armour.
  2472 | D:4      | Reached XP level 6. HP: 59/59 MP: 6/6
  2493 | D:4      | 2493 ||| Stepping ~*~*~tactically~*~*~ (outnumbered).
  2494 | D:4      | 2494 ||| Stepping ~*~*~tactically~*~*~ (outnumbered).
  2496 | D:4      | 2496 ||| Stepping ~*~*~tactically~*~*~ (outnumbered).
  2497 | D:4      | 2497 ||| Stepping ~*~*~tactically~*~*~ (outnumbered).
  2498 | D:4      | 2498 ||| Stepping ~*~*~tactically~*~*~ (outnumbered).
  2534 | D:4      | Reached skill level 7 in Unarmed Combat
  2560 | D:4      | Found an opulent altar of Gozag.
  2569 | D:4      | Noticed Menkaure
  2570 | D:4      | 2570 ||| Stepping ~*~*~tactically~*~*~ (hiding).
  2581 | D:4      | Killed Menkaure
  2582 | D:4      | Reached XP level 7. HP: 38/66 MP: 7/7
  2627 | D:4      | 2627 ||| Stepping ~*~*~tactically~*~*~ (hiding).
  2796 | D:4      | 2796 ||| Stepping ~*~*~tactically~*~*~ (hiding).
  2941 | D:4      | 2941 ||| Stepping ~*~*~tactically~*~*~ (stealth).
  3084 | D:4      | Reached skill level 8 in Unarmed Combat
  3130 | D:4      | 3130 ||| READING scroll labelled DUDYIH BOUKYF.
  3131 | D:4      | 3131 ||| READING 2 scrolls of identify.
  3131 | D:4      | 3131 ||| IDENTIFYING bubbling red potion
  3148 | D:5      | Entered Level 5 of the Dungeon
  3149 | D:5      | 3149 ||| PLANNING OSSUARY
  3208 | D:5      | Reached skill level 3 in Fighting
  3300 | D:5      | Noticed Edmund
  3309 | D:5      | Killed Edmund
  3359 | D:5      | Noticed Pikel
  3360 | D:5      | 3360 ||| Stepping ~*~*~tactically~*~*~ (stealth).
  3372 | D:5      | Killed Pikel
  3373 | D:5      | Reached XP level 8. HP: 64/75 MP: 8/8
  3422 | D:5      | 3422 ||| INVOKING Fiery Armour.
  3429 | D:5      | 3429 ||| Stepping ~*~*~tactically~*~*~ (outnumbered).
  3430 | D:5      | 3430 ||| Stepping ~*~*~tactically~*~*~ (outnumbered).
  3431 | D:5      | 3431 ||| Stepping ~*~*~tactically~*~*~ (outnumbered).
  3433 | D:5      | 3433 ||| Stepping ~*~*~tactically~*~*~ (outnumbered).
  3436 | D:5      | 3436 ||| Stepping ~*~*~tactically~*~*~ (outnumbered).
  3438 | D:5      | 3438 ||| Stepping ~*~*~tactically~*~*~ (outnumbered).
  3549 | D:5      | Found a sand-covered staircase.
  3571 | Ossuary  | Entered an ossuary
  3660 | Ossuary  | 3660 ||| Stepping ~*~*~tactically~*~*~ (stealth).
  3678 | Ossuary  | Reached skill level 9 in Unarmed Combat
  3750 | Ossuary  | Reached skill level 1 in Dodging
  4047 | Ossuary  | 4047 ||| READING scroll labelled NUPNUCR WETO.
  4048 | Ossuary  | 4048 ||| READING scroll labelled GOOCEP VAMP.
  4049 | Ossuary  | 4049 ||| READING scroll labelled YWOORU QIERPH.
  4050 | Ossuary  | 4050 ||| READING 2 scrolls labelled WYEDAU BULUS.
  4050 | Ossuary  | Identified 2 scrolls of acquirement
  4050 | Ossuary  | 4050 ||| ACQUIRING ring of Qumecrit {Wiz Dex+2}
  4050 | Ossuary  | Acquired the ring of Qumecrit {Wiz Dex+2}
  4052 | Ossuary  | 4052 ||| UPGRADING to ring of Qumecrit {Wiz Dex+2}.
  4053 | Ossuary  | 4053 ||| READING scroll of acquirement.
  4053 | Ossuary  | 4053 ||| ACQUIRING ring of Zeepeise {Fly rElec Str+5 Dex-5}
  4053 | Ossuary  | Acquired the ring of Zeepeise {Fly rElec Str+5 Dex-5}
  4055 | Ossuary  | 4055 ||| READING 3 scrolls labelled BEICOB XIWUDOP.
  4056 | Ossuary  | 4056 ||| READING scroll labelled OTURUO XEJU.
  4057 | Ossuary  | 4057 ||| DRINKING 2 metallic brown potions.
  4058 | Ossuary  | 4058 ||| DRINKING 2 ruby potions.
  4059 | Ossuary  | 4059 ||| DROPPING potion of brilliance.
  4060 | Ossuary  | 4060 ||| DROPPING 2 scrolls of butterflies.
  4078 | D:5      | 4078 ||| PLANNING D:1-11
  4828 | D:6      | 4828 ||| Stepping ~*~*~tactically~*~*~ (outnumbered).
  4829 | D:6      | 4829 ||| Stepping ~*~*~tactically~*~*~ (outnumbered).
  4834 | D:6      | 4834 ||| Stepping ~*~*~tactically~*~*~ (outnumbered).
  4838 | D:6      | 4838 ||| DRINKING 4 potions of curing.
  4838 | D:6      | 4838 ||| (to cure confusion)
  4899 | D:6      | 4899 ||| Stepping ~*~*~tactically~*~*~ (hiding).
  4908 | D:6      | 4908 ||| INVOKING Fiery Armour.
  4909 | D:6      | 4909 ||| Stepping ~*~*~tactically~*~*~ (outnumbered).
  4913 | D:6      | 4913 ||| Stepping ~*~*~tactically~*~*~ (hiding).
  4916 | D:6      | Reached skill level 10 in Unarmed Combat
  4916 | D:6      | 4916 ||| Stepping ~*~*~tactically~*~*~ (outnumbered).
  4918 | D:6      | 4918 ||| Stepping ~*~*~tactically~*~*~ (outnumbered).
  4940 | D:6      | Reached XP level 9. HP: 48/84 MP: 9/9
  4994 | D:6      | 4994 ||| Stepping ~*~*~tactically~*~*~ (outnumbered).
  4995 | D:6      | 4995 ||| Stepping ~*~*~tactically~*~*~ (outnumbered).
  4996 | D:6      | 4996 ||| Stepping ~*~*~tactically~*~*~ (outnumbered).
  5002 | D:6      | 5002 ||| Stepping ~*~*~tactically~*~*~ (outnumbered).
  5234 | D:6      | 5234 ||| INVOKING Fiery Armour.
  5240 | D:6      | 5240 ||| Stepping ~*~*~tactically~*~*~ (outnumbered).
  5244 | D:6      | 5244 ||| Stepping ~*~*~tactically~*~*~ (outnumbered).
  5246 | D:6      | 5246 ||| Stepping ~*~*~tactically~*~*~ (outnumbered).
  5707 | D:6      | 5707 ||| READING 5 scrolls of identify.
  5707 | D:6      | 5707 ||| IDENTIFYING pink potion
  5708 | D:6      | 5708 ||| DROPPING potion of berserk rage.
  5793 | D:7      | Reached skill level 11 in Unarmed Combat
  5833 | D:7      | 5833 ||| Stepping ~*~*~tactically~*~*~ (outnumbered).
  5839 | D:7      | 5839 ||| Stepping ~*~*~tactically~*~*~ (outnumbered).
  5857 | D:7      | 5857 ||| INVOKING Fiery Armour.
  5867 | D:7      | 5867 ||| Stepping ~*~*~tactically~*~*~ (outnumbered).
  5868 | D:7      | 5868 ||| Stepping ~*~*~tactically~*~*~ (outnumbered).
  5868 | D:7      | HP: 21/84 [centaur/arrow (10)]
  5869 | D:7      | 5869 ||| READING 4 scrolls of teleportation.
  5871 | D:7      | 5871 ||| DRINKING 3 potions of heal wounds.
  5985 | D:7      | Found a burning altar of Makhleb.
  5994 | D:7      | Reached skill level 12 in Unarmed Combat
  6006 | D:7      | Found a staircase to the Ecumenical Temple.
  6026 | D:7      | 6026 ||| INVOKING Fiery Armour.
  6031 | D:7      | 6031 ||| Stepping ~*~*~tactically~*~*~ (outnumbered).
  6032 | D:7      | 6032 ||| Stepping ~*~*~tactically~*~*~ (outnumbered).
  6033 | D:7      | 6033 ||| Stepping ~*~*~tactically~*~*~ (outnumbered).
  6037 | D:7      | 6037 ||| Stepping ~*~*~tactically~*~*~ (outnumbered).
  6038 | D:7      | 6038 ||| Stepping ~*~*~tactically~*~*~ (outnumbered).
  6039 | D:7      | 6039 ||| Stepping ~*~*~tactically~*~*~ (outnumbered).
  6040 | D:7      | 6040 ||| Stepping ~*~*~tactically~*~*~ (outnumbered).
  6041 | D:7      | 6041 ||| Stepping ~*~*~tactically~*~*~ (outnumbered).
  6791 | D:7      | 6791 ||| READING scroll labelled JEASTI DYDOGO.
  6792 | D:7      | 6792 ||| READING scroll labelled KIQUJ COPPAD.
  6893 | D:7      | 6893 ||| READING 6 scrolls of identify.
  6893 | D:7      | 6893 ||| IDENTIFYING brown potion
  6937 | D:8      | Reached XP level 10. HP: 96/96 MP: 10/10
  6972 | D:8      | 6972 ||| Stepping ~*~*~tactically~*~*~ (hiding).
  7004 | D:8      | 7004 ||| Stepping ~*~*~tactically~*~*~ (stealth).
  7074 | D:8      | 7074 ||| Stepping ~*~*~tactically~*~*~ (hiding).
  7097 | D:8      | 7097 ||| Stepping ~*~*~tactically~*~*~ (stealth).
  7104 | D:8      | 7104 ||| Stepping ~*~*~tactically~*~*~ (stealth).
  7106 | D:8      | 7106 ||| Stepping ~*~*~tactically~*~*~ (hiding).
  7107 | D:8      | 7107 ||| Stepping ~*~*~tactically~*~*~ (hiding).
  7108 | D:8      | 7108 ||| Stepping ~*~*~tactically~*~*~ (hiding).
  7109 | D:8      | 7109 ||| Stepping ~*~*~tactically~*~*~ (hiding).
  7110 | D:8      | 7110 ||| Stepping ~*~*~tactically~*~*~ (hiding).
  7115 | D:8      | 7115 ||| Stepping ~*~*~tactically~*~*~ (stealth).
  7134 | D:8      | 7134 ||| Stepping ~*~*~tactically~*~*~ (stealth).
  7146 | D:8      | Found a hazy altar of Hepliaklqana.
  7191 | D:8      | 7191 ||| Stepping ~*~*~tactically~*~*~ (hiding).
  7202 | D:8      | 7202 ||| Stepping ~*~*~tactically~*~*~ (outnumbered).
  7203 | D:8      | 7203 ||| Stepping ~*~*~tactically~*~*~ (outnumbered).
  7204 | D:8      | 7204 ||| Stepping ~*~*~tactically~*~*~ (outnumbered).
  7322 | D:8      | 7322 ||| Stepping ~*~*~tactically~*~*~ (hiding).
  7337 | D:8      | Reached skill level 13 in Unarmed Combat
  7475 | D:8      | Found a transporter.
  7475 | D:8      | Found a transporter.
  7700 | D:8      | 7700 ||| UPGRADING to +0 steam dragon scales.
  7710 | D:8      | 7710 ||| DROPPING +0 robe.
  7711 | D:8      | 7711 ||| UPGRADING to +0 kite shield.
  7716 | D:8      | 7716 ||| READING scroll of enchant armour.
  7716 | D:8      | 7716 ||| ENCHANTING +0 steam dragon scales.
  7717 | D:8      | 7717 ||| UPGRADING to amulet of regeneration.
  7722 | D:8      | 7722 ||| DROPPING ring of flight.
  7794 | D:9      | Reached skill level 1 in Shields
  7918 | D:9      | 7918 ||| Stepping ~*~*~tactically~*~*~ (outnumbered).
  7919 | D:9      | 7919 ||| Stepping ~*~*~tactically~*~*~ (outnumbered).
  8139 | D:9      | Reached skill level 3 in Shields
  8548 | D:9      | 8548 ||| READING scroll labelled DEURGH DAMOI.
  8574 | D:9      | 8574 ||| READING 6 scrolls of identify.
  8574 | D:9      | 8574 ||| IDENTIFYING silvery potion
  8575 | D:9      | 8575 ||| DROPPING potion of attraction.
  8590 | D:10     | Entered Level 10 of the Dungeon
  8608 | D:10     | Noticed Sonja
  8609 | D:10     | 8609 ||| Stepping ~*~*~tactically~*~*~ (stealth).
  8622 | D:10     | Noticed Josephine
  8623 | D:10     | 8623 ||| Stepping ~*~*~tactically~*~*~ (stealth).
  8625 | D:10     | 8625 ||| INVOKING Fiery Armour.
  8629 | D:10     | 8629 ||| Stepping ~*~*~tactically~*~*~ (outnumbered).
  8635 | D:10     | Killed Josephine
  8639 | D:10     | HP: 20/96 [Sonja/+1 short sword of distortion (12)]
  8640 | D:10     | 8640 ||| READING 5 scrolls of teleportation.
  8641 | D:10     | 8641 ||| DRINKING 3 potions of heal wounds.
  8729 | D:10     | 8729 ||| Stepping ~*~*~tactically~*~*~ (stealth).
  8729 | D:10     | Noticed a two-headed ogre
  8730 | D:10     | Noticed Lodul
  8731 | D:10     | 8731 ||| INVOKING Fiery Armour.
  8734 | D:10     | 8734 ||| Stepping ~*~*~tactically~*~*~ (outnumbered).
  8735 | D:10     | 8735 ||| Stepping ~*~*~tactically~*~*~ (outnumbered).
  8736 | D:10     | 8736 ||| Stepping ~*~*~tactically~*~*~ (hiding).
  8738 | D:10     | 8738 ||| Stepping ~*~*~tactically~*~*~ (hiding).
  8739 | D:10     | 8739 ||| Stepping ~*~*~tactically~*~*~ (hiding).
  8740 | D:10     | 8740 ||| Stepping ~*~*~tactically~*~*~ (hiding).
  8744 | D:10     | 8744 ||| Stepping ~*~*~tactically~*~*~ (outnumbered).
  8744 | D:10     | HP: 15/96 [two-headed ogre/+0 giant club (12)]
  8745 | D:10     | 8745 ||| READING 4 scrolls of teleportation.
  8746 | D:10     | 8746 ||| DRINKING 2 potions of heal wounds.
  8747 | D:10     | 8747 ||| Stepping ~*~*~tactically~*~*~ (outnumbered).
  8747 | D:10     | HP: 4/96 [Lodul/bolt of lightning (23)]
  8748 | D:10     | 8748 ||| DRINKING potion of heal wounds.
  8749 | D:10     | 8749 ||| Stepping ~*~*~tactically~*~*~ (outnumbered).
  8750 | D:10     | 8750 ||| READING 3 scrolls of teleportation.
  8752 | D:10     | HP: 15/96 [orc warrior/+2 trident of protection (2)]
  8753 | D:10     | 8753 ||| Stepping ~*~*~tactically~*~*~ (outnumbered).
  8758 | D:10     | 8758 ||| Stepping ~*~*~tactically~*~*~ (stealth).
  8760 | D:10     | HP: 22/96 [queen bee (shapeshifter) (7)]
  8761 | D:10     | 8761 ||| READING 2 scrolls of teleportation.
  8762 | D:10     | HP: 7/96 [queen bee (shapeshifter) (12)]
  8763 | D:10     | HP: 2/96 [poisoned by a queen bee]
  8764 | D:10     | Reached skill level 6 in Shields
  8764 | D:10     | 8764 ||| DRINKING 6 potions of curing.
  8764 | D:10     | 8764 ||| (to cure poison)
  8764 | D:10     | Mangled by a two-headed ogre

Levels and vault maps discovered:
D:1:      dpeg_arrival_snail, layout_loops_ring,
          chequers_ecumenical_altar_simple_redux
D:2:      layout_basic, serial_shops, nicolae_shop_advertising_works
          [nicolae_subvault_shop_adworks]
D:3:      layout_loops_ring, uniq_jessica
D:4:      layout_cave_pools, grunt_gozag_statues,
          minmay_a_box_with_orc_wizards_in_it, uniq_menkaure
D:5:      layout_loops_corners, enter_ossuary_3, serial_bayou_lagoon_a,
          uniq_pikel, uniq_edmund
D:6:      layout_gridville, serial_glass, glass_columns_a, glass_columns_a,
          minmay_misc_feat_doors, nicolae_figureground_sparkle
D:7:      layout_cave_pods, mainiacjoe_overflow_small_starburst,
          minmay_temple_entry_wispy, chequers_avenue, kennysheep_cross_room,
          minmay_misc_feat_ornament
D:8:      gammafunk_beogh_shrine, layout_basic, mainiacjoe_overflow_boulevard
D:9:      layout_basic
D:10:     minmay_ornate_pinched, layout_cave_pools, david_orc_4, uniq_lodul,
          uniq_sonja, uniq_josephine

Skill      XL: |  1  2  3  4  5  6  7  8  9 10 |
---------------+-------------------------------+-----
Unarmed Combat | 4 5 6 7 8 10 12 13 | 13.0
Throwing       | 1 2 5 |  5.2
Fighting       | 3 5 |  5.0
Dodging        | 1 |  1.3
Shields        | 6 |  6.2
Spellcasting   | |  1.0
Fire Magic     | |  2.1

Action                   |  1- 3 |  4- 6 |  7- 9 | 10-12 || total
-------------------------+-------+-------+-------+-------++-------
Melee: Unarmed           |    94 |    64 |   264 |   102 ||   524
       Punch             |       |     1 |    14 |     1 ||    16
Throw: Large rock        |     8 |    10 |    19 |     8 ||    45
       Boomerang         |       |       |    31 |    22 ||    53
Invok: Fiery Armour      |       |     2 |     5 |     2 ||     9
  Use: Scroll            |     6 |     1 |    14 |     7 ||    28
       Potion            |     2 |     1 |     4 |     4 ||    11
Armor: Robe              |    19 |    18 |    74 |     4 ||   115
       Steam dragon scal |       |       |       |    29 ||    29
Dodge: Dodged            |    29 |    38 |   132 |    52 ||   251
Block: Kite shield       |       |       |       |    28 ||    28

Table legend:
 A = Non-vault XP
 B = Vault XP
 C = Vault XP percentage of total XP
 D = Non-vault monster count
 E = Vault monster count
 F = Vault count percentage of total count
                 A         B        C        D         E       F
            +---------+---------+-------+---------+---------+-------
      Total |    6441 |    3480 |  35.1 |     179 |      29 |  13.9
            +---------+---------+-------+---------+---------+-------
        D:1 |      35 |       0 |   0.0 |      20 |       0 |   0.0
        D:2 |      36 |       0 |   0.0 |      13 |       0 |   0.0
        D:3 |      93 |      37 |  28.5 |       8 |       1 |  11.1
        D:4 |     349 |     345 |  49.7 |      23 |       6 |  20.7
        D:5 |     422 |     879 |  67.6 |      11 |       3 |  21.4
        D:6 |    1037 |       0 |   0.0 |      29 |       0 |   0.0
        D:7 |    2002 |       0 |   0.0 |      34 |       0 |   0.0
        D:8 |    1456 |       0 |   0.0 |      32 |       0 |   0.0
        D:9 |     901 |       0 |   0.0 |       8 |       0 |   0.0
       D:10 |     110 |    2007 |  94.8 |       1 |       7 |  87.5
    Ossuary |       0 |     212 | 100.0 |       0 |      12 | 100.0
            +---------+---------+-------+---------+---------+-------
